 Dungeon Crawl Stone Soup version 0.31-a0-7-g51783674b7 (webtiles) character file.

Game seed: 18248832404588179052

1727 avis the Covert (level 9, -11/42 HPs)
             Began as a Vine Stalker Brigand on May 5, 2023.
             Was a Follower of Uskayaw.
             Mangled by an orc warrior
             ... wielding a +0 dire flail
              (16 damage)
             ... on level 5 of the Dungeon on May 6, 2023.
             The game lasted 00:36:44 (4970 turns).

avis the Covert (Vine Stalker Brigand)              Turns: 4970, Time: 00:36:44

Health: -11/42     AC:  7    Str: 14    XL:     9   Next: 5%
Magic:  0/13       EV: 12    Int: 11    God:    Uskayaw [*.....]
Gold:   255        SH:  0    Dex: 20    Spells: 12/12 levels left

rFire   . . .        a - +2 dagger (elec)
rCold   + . .        (no shield)
rNeg    . . .        z - +2 robe {rC+}
rPois   +            (no helmet)
rElec   .            c - +0 cloak
rCorr   .            A - +1 pair of gloves
SInv    .            (no boots)
Will    +....        (no amulet)
Stlth   +++++        q - ring of poison resistance
HPRegen 1.07/turn    (no ring)
MPRegen 0.13/turn

%: guardian spirit
@: no status effects
A: fangs 3, regeneration 1, magic shield, antimagic bite, no potion heal 2
a: Renounce Religion, Stomp


You were on level 5 of the Dungeon.
You worshipped Uskayaw.
Uskayaw was noncommittal.
You visited 2 branches of the dungeon, and saw 6 of its levels.

You collected 255 gold pieces.

Inventory:

Hand Weapons
 a - a +2 dagger of electrocution (weapon)
Missiles
 d - 10 poisoned darts
 k - 3 curare-tipped darts (quivered)
 r - 4 boomerangs
Armour
 c - a +0 cloak (worn)
 z - a +2 robe of cold resistance (worn)
 A - a +1 pair of gloves (worn)
Jewellery
 q - a ring of poison resistance (left hand)
Wands
 j - a wand of polymorph (11)
 y - a wand of flame (12)
Scrolls
 h - 8 scrolls of teleportation {unknown}
 l - a scroll of enchant weapon {unknown}
 o - a scroll of blinking {unknown}
 p - 3 scrolls of immolation {unknown}
 t - 5 scrolls of magic mapping {unknown}
 u - a scroll of silence {unknown}
 x - a scroll of vulnerability {unknown}
 D - a scroll of fog {unknown}
Potions
 b - a potion of lignification {unknown}
 f - 2 potions of magic
 i - a potion of cancellation
 n - 2 potions of flight
 s - 2 potions of resistance
 v - a potion of curing
 C - a potion of haste


   Skills:
 - Level 2.0 Fighting
 + Level 8.1 Short Blades
 - Level 2.0 Throwing
 - Level 1.0 Dodging
 + Level 9.6 Stealth
 - Level 2.0 Spellcasting
 * Level 1.8 Invocations


You had 12 spell levels left.
You didn't know any spells.
Your spell library was empty.

Dungeon Overview and Level Annotations

Branches:
Dungeon (5/15)             Temple (1/1) D:5

Altars:
Cheibriados
Elyvilon
Gozag
Hepliaklqana
Kikubaaqudgha
Nemelex Xobeh
Okawaru
Ru
Sif Muna
Trog
Uskayaw
Vehumet
Xom
Yredelemnul
Zin


Innate Abilities, Weirdness & Mutations

You have razor-sharp teeth.
Your natural rate of healing is unusually fast.
When hurt, damage is shared between your health and your magic reserves.
Your bite disrupts and absorbs the magic of your enemies.
Potions cannot restore your health.


Message History

You barely miss the orc warrior.
The orc warrior is heavily wounded.
You hit the orc warrior but do no damage.
Your bite misses the orc warrior.
The orc warrior is heavily wounded.
The orc warrior hits you with a +0 dire flail!
You barely miss the orc warrior.
The orc warrior is heavily wounded.
You closely miss the orc warrior.
The orc warrior is heavily wounded.
The orc warrior barely misses you.
You hit the orc warrior.
The orc warrior is severely wounded.
The orc warrior hits you with a +0 dire flail.
You closely miss the orc warrior. You bite the orc warrior.
You drain its power.
You feel invigorated.
The orc warrior is severely wounded.
You hit the orc warrior but do no damage.
Your bite misses the orc warrior.
The orc warrior is severely wounded.
The orc warrior hits you with a +0 dire flail!
You closely miss the orc warrior.
The orc warrior is severely wounded.
You hit the orc warrior. Your bite misses the orc warrior.
The orc warrior is almost dead.
The orc warrior hits you with a +0 dire flail.
* * * LOW HITPOINT WARNING * * *
You closely miss the orc warrior.
The orc warrior is almost dead.
The orc warrior hits you with a +0 dire flail!
* * * LOW HITPOINT WARNING * * *
You hit the orc warrior but do no damage.
You bite the orc warrior, but do no damage.
The orc warrior is almost dead.
Okay, then.
Okay, then.
You hit the orc warrior but do no damage.
The orc warrior is almost dead.
The orc warrior hits you with a +0 dire flail!
You die...

###...#### ..##)##
...##...# #.#..#
.#....#.# #.#.##
..##....######.#.#
#.<#.##.........)#
##.#.. ....>.....#
#..... o#####.#.##
######. #.......#
..##....o@.#
..........#
.#........#
..........#
#........?#
###.......#
#########


You could see an orc warrior.

Vanquished Creatures
  Grinder (D:4)
  Sigmund (D:3)
  Eustachio (D:4)
  Menkaure (D:4)
  Edmund (D:4)
  A water moccasin (D:5)
  An ice beast (D:5)
  2 ogres (D:4)
  Blork the orc (D:4)
  A howler monkey (D:4)
  A gnoll bouda (D:5)
  A hound (D:5)
  Natasha (thrice) (D:3)
  5 iguanas
  2 orc wizards
  4 gnolls
  5 adders
  An ufetubus (D:5)
  5 worms
  4 dart slugs
  13 orcs
  11 endoplasms
  A giant cockroach (D:3)
  9 goblins
  5 hobgoblins
  12 kobolds
  4 quokkas
  7 ball pythons
  4 bats
  2 frilled lizards (D:3)
  8 rats
118 creatures vanquished.

Vanquished Creatures (others)
  A plant (D:1)
1 creature vanquished.

Grand Total: 119 creatures vanquished

Notes
Turn   | Place    | Note
-------+----------+-------------------------------------------
     0 | D:1      | avis the Vine Stalker Brigand began the quest for the Orb.
     0 | D:1      | Reached XP level 1. HP: 11/11 MP: 2/2
   214 | D:1      | Reached skill level 1 in Dodging
   350 | D:1      | Reached skill level 5 in Stealth
   350 | D:1      | Reached XP level 2. HP: 15/15 MP: 3/3
   746 | D:1      | Reached XP level 3. HP: 18/18 MP: 4/4
  1564 | D:2      | Gained mutation: Your natural rate of healing is unusually
                  | fast. [Vine Stalker growth]
  1564 | D:2      | Reached XP level 4. HP: 23/23 MP: 5/5
  2338 | D:3      | Noticed Sigmund
  2357 | D:3      | Killed Sigmund
  2358 | D:3      | Reached skill level 6 in Stealth
  2358 | D:3      | Reached XP level 5. HP: 26/26 MP: 6/6
  2358 | D:3      | Reached XP level 6. HP: 30/30 MP: 7/7
  2389 | D:3      | Noticed Natasha
  2425 | D:3      | Killed Natasha
  2821 | D:3      | Found a basalt altar of Yredelemnul.
  2895 | D:3      | Noticed Natasha
  2902 | D:3      | Killed Natasha
  3120 | D:3      | Noticed Natasha
  3138 | D:3      | Killed Natasha
  3139 | D:3      | Reached skill level 5 in Short Blades
  3189 | D:4      | Reached skill level 7 in Stealth
  3189 | D:4      | Reached skill level 1 in Spellcasting
  3189 | D:4      | Reached XP level 7. HP: 35/35 MP: 9/9
  3478 | D:4      | Noticed Menkaure
  3492 | D:4      | Killed Menkaure
  3663 | D:4      | Reached skill level 8 in Stealth
  3719 | D:4      | Noticed Blork the orc
  3739 | D:4      | Noticed Grinder
  3786 | D:4      | Killed Blork the orc
  3787 | D:4      | Gained mutation: You have razor-sharp teeth. [Vine Stalker
                  | growth]
  3787 | D:4      | Reached XP level 8. HP: 25/39 MP: 10/10
  3794 | D:4      | Killed Grinder
  3991 | D:4      | Noticed Edmund
  3994 | D:4      | Killed Edmund
  4059 | D:4      | Noticed Eustachio
  4062 | D:4      | Killed Eustachio
  4063 | D:4      | Reached skill level 9 in Stealth
  4158 | D:5      | Entered Level 5 of the Dungeon
  4549 | D:5      | Found a staircase to the Ecumenical Temple.
  4556 | Temple   | Entered the Ecumenical Temple
  4761 | Temple   | Became a worshipper of Uskayaw the Reveller
  4809 | D:5      | Reached * piety under Uskayaw
  4928 | D:5      | Reached ** piety under Uskayaw
  4929 | D:5      | Reached skill level 1 in Invocations
  4929 | D:5      | Reached XP level 9. HP: 42/42 MP: 13/13
  4967 | D:5      | HP: 2/42 [orc warrior/+0 dire flail (9)]
  4970 | D:5      | Mangled by an orc warrior

Illustrated notes

Levels and vault maps discovered:
D:1:      minmay_arrival_split_and_join, layout_loops_corners, serial_forest,
          infiniplex_forest_clump_medium, infiniplex_forest_clump_medium,
          infiniplex_forest_clump_medium, infiniplex_forest_lined_3,
          infiniplex_forest_clump_small, infiniplex_forest_lined_3_way,
          infiniplex_forest_corner_1, infiniplex_forest_clump_large,
          infiniplex_forest_clump_small, minmay_heptomino_o4
D:2:      layout_loops_ring, grunt_ministairs_9, minmay_indecisive_spiral
D:3:      layout_loops_cross, lemuel_coloured_pillars_altar,
          grunt_decor_mini_mirrors, uniq_sigmund, uniq_natasha
D:4:      layout_loops_cross, uniq_eustachio, uniq_grinder, uniq_blork_the_orc,
          uniq_edmund, uniq_menkaure
D:5:      layout_rooms, minmay_temple_entry_waves
Temple:   eino_temple_water

Skill      XL: |  1  2  3  4  5  6  7  8 |
---------------+-------------------------+-----
Fighting       | 2 |  2.0
Short Blades   | 2 3 4 5 6 8 |  8.1
Dodging        | 1 |  1.0
Stealth        | 5 6 7 8 9 |  9.6
Throwing       | 2 |  2.0
Spellcasting   | 1 2 |  2.0
Invocations    | 1 |  1.8

Action                     |  1- 3 |  4- 6 |  7- 9 || total
---------------------------+-------+-------+-------++-------
  Melee: Dagger            |    70 |    72 |   166 ||   308
         Bite              |    15 |    16 |    44 ||    75
         Punch             |       |       |     2 ||     2
  Throw: Dart              |       |     9 |     8 ||    17
    Use: Scroll            |       |       |     6 ||     6
         Potion            |       |       |     1 ||     1
   Stab: Sleeping          |    18 |    11 |    11 ||    40
         Distracted        |     1 |     1 |       ||     2
 Armour: Robe              |     9 |     7 |    14 ||    30
  Dodge: Dodged            |    16 |    25 |    56 ||    97

Table legend: (Time is in decaauts)
 A = Elapsed time spent in this place.
 B = Non-inter-level travel time spent in this place.
 C = Inter-level travel time spent in this place.
 D = Time resting spent in this place.
 E = Time spent auto-exploring this place.
 F = Levels seen in this place.
 G = Mean time per level.
                   A        B        C        D        E       F      G
               +--------+--------+--------+--------+--------+-----+--------+
         Total |   4875 |   4110 |    765 |    172 |   2545 |   6 |  812.5 |
       Dungeon |   4645 |   3898 |    747 |    172 |   2353 |   5 |  929.0 |
        Temple |    230 |    212 |     18 |      0 |    192 |   1 |  230.0 |
               +--------+--------+--------+--------+--------+-----+--------+

Top non-repeatable levels by time:
     D:1: 1233 daAuts
     D:3: 1138 daAuts
     D:4: 1026 daAuts
     D:2: 802 daAuts
     D:5: 443 daAuts
  Temple: 230 daAuts
